 Dungeon Crawl Stone Soup version 0.30-a0-424-g7412bad402 (webtiles) character file.

Game seed: 8793159827228638319

959 scionoferis the Cudgeller (level 7, -3/65 HPs)
             Began as an Armataur Fighter on Dec 10, 2022.
             Was a Believer of Zin.
             Slain by an ogre
             ... wielding a +0 giant club
              (16 damage)
             ... on level 5 of the Dungeon.
             The game lasted 00:15:05 (4878 turns).

scionoferis the Cudgeller (Armataur Fighter)        Turns: 4878, Time: 00:15:05

Health: -3/65      AC:  9    Str: 22    XL:     7   Next: 91%
Magic:  7/7        EV:  8    Int:  8    God:    Zin [**....]
Gold:   452        SH:  4    Dex: 11    Spells: 6/6 levels left

rFire   . . .      SeeInvis .    a - +0 whip (elec)
rCold   + . .      Faith    .    c - +0 buckler
rNeg    . . .      Spirit   .    k - +2 ring mail {rC+}
rPois   .          Reflect  .    (no helmet)
rElec   .          Harm     .    B - +0 cloak
rCorr   .          Roll     +    (no gloves)
Will    .....                    (no barding)
Stlth   +.........               b - amulet of regeneration
HPRegen 1.10/turn                (no ring)
MPRegen 0.10/turn                (no ring)

@: no status effects
A: large, rugged brown scales 3, deformed body, armoured tail, roll, long
tongue, awkward tongue
a: Renounce Religion, Recite, Vitalisation, Donate Gold


You were on level 5 of the Dungeon.
You worshipped Zin.
Zin was pleased with you.
You visited 2 branches of the dungeon, and saw 6 of its levels.
You also visited: Sewer and Ossuary.

You collected 502 gold pieces.
You donated 50 gold pieces to Zin.


Innate Abilities, Weirdness & Mutations

You are completely covered in rugged brown scales. (AC +3, +7% HP)
Armour fits poorly on your strangely shaped body.
You have a long armoured tail.
You roll when moving toward enemies. (Rampage)
Your long tongue fully drains potion bottles. (2x potion effects)
Your tongue gives you trouble enunciating. (1.5x scroll delay)


   Skills:
 + Level 5.3 Fighting
 * Level 6.6 Maces & Flails
 - Level 4.0 Armour
 + Level 0.7 Dodging
 - Level 4.0 Shields


You had 6 spell levels left.
You didn't know any spells.
Your spell library contained the following spells:

 Spells                   Type           Power      Damage    Failure   Level
 Magic Dart               Conj           0%         1d3       63%         1
 Summon Small Mammal      Summ           0%         N/A       63%         1
 Call Imp                 Summ           0%         N/A       77%         2
 Call Canine Familiar     Summ           0%         N/A       94%         3
 Mephitic Cloud           Conj/Pois/Air  0%         N/A       94%         3
 Summon Guardian Golem    Hex/Summ       0%         N/A       94%         3

Inventory:

Hand Weapons
 a - a +0 whip of electrocution (weapon)
   (You took it off a gnoll on level 2 of the Dungeon)
 h - a +0 mace of holy wrath
   (You took it off an orc on level 4 of the Dungeon)
 x - a +0 morningstar
   (You took it off an orc on level 3 of the Dungeon)
 y - a +0 whip of freezing
   (You took it off an orc on level 3 of the Dungeon)
Missiles
 r - 24 poisoned darts (quivered)
 O - a boomerang
Armour
 c - a +0 buckler (worn)
 i - an orb of energy
   (You found it on level 1 of the Dungeon)
 k - a +2 ring mail of cold resistance (worn)
   (You took it off Terence on level 2 of the Dungeon)
 B - a +0 cloak (worn)
   (You found it on level 4 of the Dungeon)
Jewellery
 b - an amulet of regeneration (around neck)
   (You found it on level 2 of the Dungeon)
 C - a ring of fire
   (You found it on level 4 of the Dungeon)
 M - a ring of ice
   (You took it off an orc on level 4 of the Dungeon)
Scrolls
 e - a scroll of noise {unknown}
 f - 4 scrolls of teleportation {unknown}
 g - 3 scrolls of enchant weapon {unknown}
 m - a scroll of amnesia {unknown}
 n - 4 scrolls of identify {unknown}
 p - 3 scrolls of blinking {unknown}
 v - a scroll of vulnerability {unknown}
 z - a scroll of torment {unknown}
 A - a scroll of acquirement {unknown}
 G - 2 scrolls of poison {unknown}
 H - a scroll of enchant armour {unknown}
 I - a scroll of magic mapping {unknown}
Potions
 d - 5 potions of might
 j - 3 potions of mutation {unknown}
 l - 2 potions of lignification {unknown}
 o - 3 potions of attraction {unknown}
 q - 4 potions of heal wounds
 t - a potion of magic {unknown}
 u - 2 potions of invisibility {unknown}
 w - a potion of cancellation {unknown}
 E - 5 potions of curing
 F - 2 potions of haste {unknown}
 J - a potion of ambrosia {unknown}
 K - a potion of brilliance {unknown}
 L - a potion of flight {unknown}
 N - a potion of resistance {unknown}

Dungeon Overview and Level Annotations

Branches:
Dungeon (5/15)             Temple (1/1) D:5           Sewer (visited)
Ossuary (visited)

Altars:
Elyvilon
Fedhas
Gozag
Kikubaaqudgha
Makhleb
Nemelex Xobeh
Okawaru
Qazlal
Ru
Sif Muna
Trog
Uskayaw
Vehumet
Wu Jian
Xom
Yredelemnul
Zin
The Shining One

Shops:
D:4

= ##..#.#.#...........
#....#...##........
#.#..#.............
#.#....###.........
#######.#................
........#########........
.####.#)#####............
.........................
.##.#.##@###.####........
#.#. #O# #........ # .
... ...)..... .# #.##.
..... .. .. .. ..... ##
.#. #. ..... .#. .. .....
# .. #. ..... #....


You could see an ogre.


Message History

The rat twitches its whiskers.
You block the rat's attack.
You hit the rat but do no damage.
Your tail-slap misses the rat.
The rat bites you but does no damage.
You hit the rat but do no damage. The rat bites you.
You closely miss the rat. The rat barely misses you.
You closely miss the rat. You barely miss the rat. You block the rat's attack.
You closely miss the rat. You block the rat's attack.
You hit the rat.
You kill the rat!
No target in view!
You now have 135 gold pieces (gained 12).
r - 18 poisoned darts (gained 4)
A bat comes into view.
You block the bat's attack.
You roll towards the bat!
The bat hits you but does no damage.
You roll towards the bat!
You block the bat's attack. The bat hits you but does no damage.
You block the bat's attack. You block the bat's attack.
You closely miss the bat. The bat hits you but does no damage. x2
The bat hits you but does no damage. The bat closely misses you.
You barely miss the bat. You tail-slap the bat.
You kill the bat!
No target in view!
An orc comes into view. It is wielding a +0 war axe.
The orc shouts!
An orc comes into view. It is wielding a +0 hand axe.
The orc shouts!
You hear a shout!
An orc priest comes into view. It is wielding a +0 club.
The orc priest shouts!
You hit the orc but do no damage.
Your tail-slap misses the orc.
The orc hits you with a +0 war axe.
You whack the orc!
You kill the orc!
You hit the orc priest.
The orc priest is moderately wounded.
You hit the orc priest.
The orc priest is heavily wounded.
The orc priest barely misses you.
You hit the orc priest.
The orc priest is severely wounded.
The orc priest closely misses you.
You hit the orc priest.
Lightning courses through the orc priest!
You kill the orc priest!
You have reached level 7!
You hit the orc.
The orc is lightly wounded.
The orc hits you but does no damage.
You completely miss the orc.
Your tail-slap misses the orc.
The orc closely misses you.
You hit the orc.
The orc is lightly wounded.
The orc barely misses you.
You hit the orc.
The orc is severely wounded.
You barely miss the orc.
The orc is severely wounded.
The orc hits you but does no damage.
You barely miss the orc.
The orc is severely wounded.
You block the orc's attack.
You hit the orc.
You kill the orc!
An orc comes into view. It is wielding a +0 dagger.
Items here: ))) †.
You aren't carrying any items that you can evoke.
Unknown command.
The orc hits you with a +0 dagger.
You closely miss the orc. You tail-slap the orc.
The orc is lightly wounded.
The orc barely misses you.
You hit the orc. Lightning courses through the orc!
You kill the orc!
You see here a +0 dagger.
A hobgoblin comes into view.
It is wielding a +0 hand axe of electrocution.
The hobgoblin shouts!
You hit the hobgoblin.
The hobgoblin is severely wounded.
The hobgoblin hits you but does no damage.
You are electrocuted!
You hit the hobgoblin.
You kill the hobgoblin!
You see here a +0 hand axe of electrocution.
HP restored.
Found a trident.
You open the door.
An endoplasm comes into view.
The endoplasm quivers.
You roll towards the endoplasm!
You see here a +0 trident.
You hit the endoplasm.
Lightning courses through the endoplasm!!
You kill the endoplasm!
No target in view!
You see here an adder skeleton.
z - a scroll labelled PAUKKULIGG
Found a short sword.
A goblin comes into view. It is wielding a +0 dagger.
Found a scroll labelled QOAMAZ PEMIDIM.
The goblin shouts!
A kobold comes into view. It is wielding a +1 dagger of freezing.
The kobold shouts!
You swing at nothing.
You swing at nothing.
You swing at nothing.
You closely miss the goblin. The goblin hits you but does no damage.
You completely miss the goblin. You tail-slap the goblin.
You kill the goblin!
You swing at nothing.
You hit the kobold.
You kill the kobold!
You swing at nothing.
Things that are here:
a +1 dagger of freezing; a +0 dagger; a goblin corpse
n - 3 scrolls labelled QOAMAZ PEMIDIM (gained 1)
Things that are here:
a +1 dagger of freezing; a +0 dagger; a goblin corpse
There is a stone staircase leading down here.
A kobold comes into view.
It is wielding a +0 club and quivering poisoned darts.
The kobold shouts!
The kobold throws a poisoned dart.
The poisoned dart barely misses you.
You roll towards the kobold!
You hit the kobold.
The kobold is severely wounded.
You block the kobold's attack.
You hit the kobold but do no damage.
The kobold is severely wounded.
The kobold hits you but does no damage.
You barely miss the kobold.
The kobold is severely wounded.
The kobold hits you with a +0 club.
You barely miss the kobold.
The kobold is severely wounded.
You block the kobold's attack.
You closely miss the kobold.
The kobold is severely wounded.
You block the kobold's attack.
You closely miss the kobold.
The kobold is severely wounded.
You whack the kobold! Lightning courses through the kobold!
You kill the kobold!
r - 21 poisoned darts (gained 3)
You see here a +0 club.
A - a scroll labelled RIMUYH OTRYD No target in view!
You open the door.
A quokka comes into view.
Found a stone staircase leading up.
There is an open door here.
The quokka closely misses you.
The quokka bites you but does no damage.
You hit the quokka but do no damage. Lightning courses through the quokka!
You kill the quokka!
No target in view!
You see here a quokka corpse.
Found a stone staircase leading up.
Done exploring.
Done exploring.
Search for what [Enter for "sewer", or ? for help]? d: Unknown command.
You see here a +0 leather armour.
There is a stone staircase leading down here.
Search for what [Enter for "d:", or ? for help]? armour Unknown command.
You climb downwards.
You hear the hiss of flowing sand.
There is an entrance to an ossuary on this level.
Hurry and find it before the portal is buried!
Found a cloak and 3 poisoned darts.
There is a stone staircase leading up here.
You see here a +0 cloak.
B - a +0 cloak
There is a stone staircase leading up here.
Found 8 gold pieces.
Found a stone staircase leading down.
Found a glowing tourmaline ring and a scroll labelled QOAMAZ PEMIDIM.
C - a ring of fire
Found a stone staircase leading up.
Found a mace.
A goblin comes into view. It is wielding a +0 club.
The goblin shouts!
You roll towards the goblin!
You closely miss the goblin. You closely miss the goblin.
The goblin hits you but does no damage.
You hit the goblin.
You kill the goblin!
You see here a +0 club.
Found 18 gold pieces.
Okay, then.
You now have 153 gold pieces (gained 18).
Found Magim's Jewellery Boutique.
You hear the slow hiss of a very distant avalanche of sand.
There is an entrance to Magim's Jewellery Boutique here.
Found a short sword.
Found 2 stones.
Found a sedimented silvery potion.
Found a ring mail.
Found a scroll labelled CETRITSENUEN.
A goblin comes into view. It is wielding a +0 club.
The goblin shouts!
An endoplasm comes into view.
You roll towards the goblin!
You roll towards the goblin!
A necrophage comes into view.
You closely miss the goblin. You tail-slap the goblin.
You kill the goblin!
Things that are here:
a +0 club; a goblin corpse A jackal comes into view.
You closely miss the necrophage.
Your tail-slap misses the necrophage.
The necrophage completely misses you.
You hit the necrophage.
Lightning courses through the necrophage!!
The necrophage is severely damaged.
You block the necrophage's attack.
You hit the necrophage but do no damage.
The necrophage is severely damaged.
The necrophage hits you but does no damage.
You hit the necrophage.
Lightning courses through the necrophage!!
You destroy the necrophage!
The jackal barely misses you.
You hit the jackal but do no damage. Lightning courses through the jackal!
You kill the jackal!
Found a runed mace.
An orc priest and an orc come into view.
Found a sand-covered staircase.
The orc priest shouts!
The orc shouts!
An orc comes into view. It is wielding a +0 flail. x2
The orc shouts! x2
You roll towards the orc!
The orc hits you but does no damage. The orc closely misses you.
The orc priest mumbles some strange prayers to Beogh against you.
Beogh smites you!
You closely miss the orc.
Your tail-slap misses the orc.
The orc misses you. The orc hits you with a +0 flail.
You hit the orc.
The orc is heavily wounded.
The orc closely misses you. You block the orc's attack.
You closely miss the orc.
Your tail-slap misses the orc.
The orc is heavily wounded.
The orc barely misses you. The orc closely misses you.
The orc priest calls upon Beogh to heal the orc.
The orc's wounds heal themselves!
You hit the orc. Lightning courses through the orc!
You kill the orc!
The orc closely misses you.
You whack the orc! You tail-slap the orc.
You kill the orc!
You roll towards the orc priest!
You hit the orc priest but do no damage.
The orc hits you but does no damage.
The orc priest hits you with a +0 dagger.
You whack the orc priest!
Lightning courses through the orc priest!!
You kill the orc priest!
The orc hits you but does no damage.
You hit the orc but do no damage. You tail-slap the orc!
You kill the orc!
Things that are here:
a +0 dagger; a +0 ring mail; an orc corpse
Items here: )) ††.
Things that are here:
a +0 flail; a +0 ring mail You hear the slow hiss of an avalanche of sand very nearby.
You see here a +0 mace of draining.
D - a +0 mace of draining
Things that are here:
a +0 flail; a +0 ring mail
Found a smoky clear potion.
Found a pink potion.
There is a sand-covered staircase here.
The world spins around you as you enter the gateway.
You enter an ossuary!
Found a gate leading back out of this place.
There is an empty arch of ancient stone here.
A gnoll zombie, 2 hobgoblin zombies and 3 orc zombies come into view.
You hit the orc zombie.
Lightning courses through the orc zombie!!
You destroy the orc zombie!
You hit the hobgoblin zombie.
Your tail-slap misses the hobgoblin zombie.
The hobgoblin zombie is heavily damaged.
You block the hobgoblin zombie's attack.
You hit the hobgoblin zombie.
The hobgoblin zombie is almost destroyed.
The orc zombie hits you but does no damage.
The hobgoblin zombie barely misses you.
The gnoll zombie hits you but does no damage.
You hit the hobgoblin zombie.
Lightning courses through the hobgoblin zombie!
You destroy the hobgoblin zombie!
You whack the gnoll zombie!
The gnoll zombie is heavily damaged.
The orc zombie barely misses you.
The gnoll zombie hits you but does no damage.
The hobgoblin zombie hits you but does no damage.
You hit the gnoll zombie. You tail-slap the gnoll zombie.
The gnoll zombie is almost destroyed.
The orc zombie hits you but does no damage.
The hobgoblin zombie hits you but does no damage.
The gnoll zombie hits you but does no damage.
You hit the gnoll zombie.
The gnoll zombie is almost destroyed.
You hit the gnoll zombie.
You destroy the gnoll zombie!
You block the orc zombie's attack. The hobgoblin zombie barely misses you.
You hit the orc zombie.
The orc zombie is moderately damaged.
The orc zombie closely misses you.
The hobgoblin zombie hits you but does no damage.
You hit the orc zombie. You tail-slap the orc zombie.
You destroy the orc zombie!
You completely miss the orc zombie. The orc zombie barely misses you.
The hobgoblin zombie barely misses you.
You hit the orc zombie.
Your tail-slap misses the orc zombie.
The orc zombie is severely damaged.
You block the orc zombie's attack. The hobgoblin zombie hits you.
You barely miss the orc zombie. You tail-slap the orc zombie.
You destroy the orc zombie!
You hit the hobgoblin zombie. You tail-slap the hobgoblin zombie.
The hobgoblin zombie is almost destroyed.
The hobgoblin zombie hits you but does no damage.
You hit the hobgoblin zombie.
Lightning courses through the hobgoblin zombie!!
You destroy the hobgoblin zombie!
No target in view!
A hobgoblin zombie and 2 mummies come into view.
You whack the hobgoblin zombie!
The hobgoblin zombie is almost destroyed.
You whack the hobgoblin zombie!
You destroy the hobgoblin zombie!
You roll towards the mummy!
You whack the mummy! Lightning courses through the mummy!
You destroy the mummy!
You hit the mummy. You tail-slap the mummy.
The mummy is moderately damaged.
You hit the mummy.
The mummy is heavily damaged.
The mummy hits you.
You hit the mummy but do no damage.
The mummy is heavily damaged.
You hit the mummy but do no damage.
The mummy is heavily damaged.
The mummy hits you but does no damage.
You barely miss the mummy.
The mummy is heavily damaged.
You hit the mummy. You tail-slap the mummy.
The mummy is severely damaged.
You block the mummy's attack.
You hit the mummy but do no damage.
The mummy is severely damaged.
You hit the mummy.
You destroy the mummy! 2 mummies come into view.
You hit the mummy.
The mummy is lightly damaged.
You hit the mummy.
The mummy is heavily damaged.
The mummy hits you. x2
You hit the mummy but do no damage.
The mummy is heavily damaged.
You closely miss the mummy.
Your tail-slap misses the mummy.
The mummy is heavily damaged.
The mummy hits you! The mummy hits you but does no damage.
You hit the mummy. Lightning courses through the mummy!
You destroy the mummy!
You barely miss the mummy. The mummy hits you.
You barely miss the mummy. You barely miss the mummy. You tail-slap the mummy.
The mummy is moderately damaged.
You block the mummy's attack.
You barely miss the mummy.
The mummy is moderately damaged.
You hit the mummy.
Your tail-slap misses the mummy.
The mummy is heavily damaged.
The mummy hits you but does no damage.
You hit the mummy. You tail-slap the mummy.
The mummy is almost destroyed.
You barely miss the mummy.
The mummy is almost destroyed.
The mummy hits you but does no damage.
You hit the mummy.
You destroy the mummy!
Your Maces & Flails skill increases to level 6!
You start resting.
HP restored.
An orc zombie comes into view.
You completely miss the orc zombie.
The orc zombie hits you but does no damage.
You hit the orc zombie but do no damage.
You tail-slap the orc zombie.
The orc zombie is heavily damaged.
You hit the orc zombie.
Lightning courses through the orc zombie!!
You destroy the orc zombie!
No target in view!
A mummy comes into view.
You hit the mummy. Lightning courses through the mummy!
The mummy is almost destroyed.
You hit the mummy.
The mummy is almost destroyed.
The mummy hits you!
You hit the mummy but do no damage.
The mummy is almost destroyed.
You hit the mummy.
You destroy the mummy!
No target in view!
A mummy comes into view.
You hit the mummy but do no damage. You tail-slap the mummy.
The mummy is lightly damaged.
You hit the mummy.
The mummy is moderately damaged.
The mummy hits you.
You barely miss the mummy.
The mummy is moderately damaged.
The mummy hits you!
You hit the mummy but do no damage.
You tail-slap the mummy, but do no damage.
The mummy is moderately damaged.
You hit the mummy.
The mummy is moderately damaged.
You whack the mummy! You tail-slap the mummy.
You destroy the mummy!
No target in view!
As you open the door, it creaks loudly!
Found 3 viscous brown potions, a blue potion and 25 gold pieces.
There is an open door here.
E - 2 viscous brown potions
q - 3 blue potions (gained 1)
You now have 172 gold pieces (gained 19).
You now have 184 gold pieces (gained 12).
A mummy comes into view.
You see here a scroll labelled CETRITSENUEN.
A mummy is nearby!
You roll towards the mummy!
You hit the mummy.
You tail-slap the mummy, but do no damage.
The mummy is moderately damaged.
You whack the mummy!
The mummy is severely damaged.
The mummy hits you!
You barely miss the mummy.
Your tail-slap misses the mummy.
The mummy is severely damaged.
You hit the mummy. Lightning courses through the mummy!
You destroy the mummy!
No target in view!
f - 3 scrolls labelled CETRITSENUEN (gained 1)
You now have 195 gold pieces (gained 11).
You now have 209 gold pieces (gained 14).
You now have 226 gold pieces (gained 17).
You now have 239 gold pieces (gained 13).
You now have 251 gold pieces (gained 12).
F - a sedimented silvery potion
E - 3 viscous brown potions (gained 1)
G - a scroll labelled XOTAMI PIGHOHE
E - 4 viscous brown potions (gained 1)
q - 4 blue potions (gained 1)
You now have 268 gold pieces (gained 17).
You now have 282 gold pieces (gained 14).
d - 4 potions of might (gained 1)
There is an open door here.
A mummy comes into view.
You roll towards the mummy!
You hit the mummy. Lightning courses through the mummy!
The mummy is almost destroyed.
You hit the mummy.
You destroy the mummy!
No target in view!
You open the door.
There is an open door here.
q - 5 blue potions (gained 1)
You now have 304 gold pieces (gained 22).
You now have 317 gold pieces (gained 13).
E - 5 viscous brown potions (gained 1)
H - a scroll labelled NEYNAE YDDY
o - 2 smoky clear potions (gained 1)
I - a scroll labelled OKHYLOZOOSYSTO You now have 326 gold pieces (gained 9).
J - a fuming grey potion
u - 2 inky potions (gained 1)
You now have 333 gold pieces (gained 7).
You now have 348 gold pieces (gained 15).
You now have 359 gold pieces (gained 11).
You now have 369 gold pieces (gained 10).
You now have 377 gold pieces (gained 8).
You now have 395 gold pieces (gained 18).
Done exploring.
Done exploring.
Done exploring.
Done exploring.
There is an open door here.
There is a gate leading back out of this place here.
Search for what [Enter for "armour", or ? for help]? ossu Can't find anything matching that.
Welcome back to the Dungeon!
There is a collapsed entrance here.
You start putting on your armour.
You continue putting on your +0 cloak. x4
You finish putting on your +0 cloak.
K - a pink potion You open the door.
There is an open door here.
There is an open door here.
As you open the door, it creaks loudly!
There is an open door here.
There is an open door here.
There is a collapsed entrance here.
o - 3 smoky clear potions (gained 1)
You open the door.
Found a stone staircase leading up.
There is an open door here.
There is an open door here.
You open the door.
There is an open door here.
You now have 408 gold pieces (gained 13).
There is an open door here.
Found a sling.
You open the door.
There is an open door here.
There is an open door here.
A jackal comes into view.
The jackal barks!
A jackal comes into view.
The jackal barks!
A jackal comes into view.
The jackal barks!
The jackal bites you but does no damage.
You closely miss the jackal. You hit the jackal.
The jackal is severely wounded.
The jackal bites you but does no damage.
The jackal barely misses you.
The jackal bites you but does no damage.
You whack the jackal!
You kill the jackal!
The jackal bites you but does no damage.
The jackal barely misses you.
You closely miss the jackal.
The jackal bites you but does no damage.
The jackal barely misses you.
You hit the jackal but do no damage.
The jackal bites you but does no damage.
The jackal closely misses you.
You miss the jackal. The jackal barely misses you.
The jackal bites you but does no damage.
You barely miss the jackal. The jackal bites you. x2
You whack the jackal! Lightning courses through the jackal!!
You kill the jackal!
The jackal bites you but does no damage.
You hit the jackal but do no damage. Lightning courses through the jackal!
You kill the jackal!
Your Fighting skill increases to level 5!
No target in view!
HP restored.
f - 4 scrolls labelled CETRITSENUEN (gained 1)
F - 2 sedimented silvery potions (gained 1)
You open the door.
A kobold comes into view. It is wielding a +0 dagger.
There is an open door here.
You roll towards the kobold!
Found a viscous brown potion.
Found a scroll labelled XOTAMI PIGHOHE.
The kobold throws a stone.
The stone barely misses you.
The kobold throws a stone.
You block the stone.
You roll towards the kobold!
A scorpion comes into view.
You barely miss the kobold. The kobold hits you but does no damage.
You hit the kobold. Lightning courses through the kobold!
You kill the kobold!
Throw: 21 darts (poison)
Press: ? - help, Q - select action, (/) - cycle Shift-Dir - straight line, f - scorpion
Aim: a scorpion (57% to hit)
You throw a poisoned dart. The poisoned dart hits the scorpion.
The scorpion is poisoned.
Throw: 20 darts (poison)
Press: ? - help, Q - select action, (/) - cycle Shift-Dir - straight line, f/p - scorpion
Aim: a scorpion (lightly wounded, poisoned, 57% to hit)
You throw a poisoned dart.
The poisoned dart closely misses the scorpion.
Unknown command.
You hit the scorpion but do no damage.
The scorpion is lightly wounded.
You block the scorpion's attack.
You barely miss the scorpion.
The scorpion is lightly wounded.
The scorpion stings you.
You are poisoned.
The scorpion poisons you!
You hit the scorpion but do no damage. Lightning courses through the scorpion!
The scorpion is severely wounded.
You feel sick.
The scorpion stings you but does no damage.
You hit the scorpion.
You kill the scorpion!
You feel sick.
No target in view!
You start resting.
You feel sick. x6
You are no longer poisoned.
You start resting.
HP restored.
r - 20 poisoned darts (gained 1)
A ball python comes into view.
A ball python is nearby!
You see here a viscous brown potion.
You hit the ball python but do no damage.
Lightning courses through the ball python!!
You kill the ball python!
No target in view!
E - 6 viscous brown potions (gained 1)
G - 2 scrolls labelled XOTAMI PIGHOHE (gained 1)
r - 21 poisoned darts (gained 1)
Things that are here:
a +0 dagger; 5 stones; a scorpion corpse
There is an open door here.
You open the door.
There is an open door here.
You now have 416 gold pieces (gained 8).
You open the door.
There is an open door here.
You now have 427 gold pieces (gained 11).
You open the door.
There is an open door here.
You open the door.
There is an open door here.
There is an open door here.
There is an open door here.
You open the door.
There is an open door here.
There is an open door here.
An endoplasm is nearby!
The endoplasm quivers.
You roll towards the endoplasm!
You hit the endoplasm. You tail-slap the endoplasm.
You kill the endoplasm!
No target in view!
No target in view!
You open the door.
An adder comes into view.
The adder bites you but does no damage.
You whack the adder! Lightning courses through the adder!
You kill the adder!
No target in view!
No target in view!
There is an open door, spattered with blood here.
You see here an adder corpse.
L - a bubbling orange potion
There is an open door, spattered with blood here.
You see here an adder corpse.
You now have 435 gold pieces (gained 8).
Found a stone staircase leading down.
n - 4 scrolls labelled QOAMAZ PEMIDIM (gained 1)
An orc comes into view. It is wielding a +0 mace.
The orc shouts!
An orc comes into view. It is wielding a +0 trident.
The orc shouts!
The orc throws a boomerang.
The boomerang hits you.
An orc comes into view. It is wielding a +0 mace.
The orc shouts!
The orc throws a boomerang.
You block the boomerang.
You roll towards the orc!
An orc comes into view. It is wielding a +0 mace of holy wrath.
The orc barely misses you.
You barely miss the orc. The orc hits you with a +0 mace.
The orc throws a boomerang.
The boomerang barely misses you.
You closely miss the orc. The orc hits you but does no damage.
You hit the orc.
The orc is lightly wounded.
The orc hits you but does no damage. x2
You barely miss the orc.
The orc is lightly wounded.
The orc barely misses you. The orc hits you but does no damage.
The orc hits you with a +0 mace.
You hit the orc but do no damage.
The orc is lightly wounded.
The orc hits you but does no damage. x3; The orc closely misses you.
You barely miss the orc.
The orc is lightly wounded.
You barely miss the orc.
The orc is lightly wounded.
The orc hits you with a +0 mace. The orc barely misses you.
The orc closely misses you.
You hit the orc but do no damage. You tail-slap the orc.
The orc is moderately wounded.
The orc closely misses you.
The orc hits you from afar with a +0 trident.
The orc hits you but does no damage. The orc closely misses you.
You hit the orc.
You kill the orc!
The orc hits you from afar with a +0 trident.
You block the orc's attack.
You hit the orc.
The orc is lightly wounded.
You hit the orc.
The orc is moderately wounded.
The orc barely misses you. The orc hits you but does no damage.
You block the orc's attack.
You hit the orc. Lightning courses through the orc!
You kill the orc!
The orc closely misses you.
You closely miss the orc. The orc barely misses you. x2
You hit the orc.
The orc is heavily wounded.
You block the orc's attack.
The orc hits you with a +0 mace of holy wrath.
You hit the orc but do no damage.
The orc is heavily wounded.
You hit the orc.
You kill the orc!
The orc closely misses you.
You roll towards the orc!
You closely miss the orc. The orc hits you with a +0 trident.
You barely miss the orc. The orc hits you with a +0 trident.
You hit the orc.
The orc is heavily wounded.
The orc hits you but does no damage.
You barely miss the orc.
The orc is heavily wounded.
The orc hits you but does no damage.
You barely miss the orc.
The orc is heavily wounded.
You hit the orc but do no damage.
The orc is heavily wounded.
The orc barely misses you.
You barely miss the orc. You tail-slap the orc.
You kill the orc!
Found a stone staircase leading down.
Items here: ( ) [ †.
M - a ring of ice
Items here: )) [ ††.
N - a +0 mace of holy wrath
Things that are here:
a +0 mace; a +0 ring mail A goblin comes into view.
It is wielding a +0 club.
The goblin shouts!
Adjust to which letter? (? for menu, Esc to quit)
h - a +0 mace of holy wrath;
N - a metallic pink potion Unknown command.
A goblin is nearby!
You roll towards the goblin!
Found a bubbling clear potion.
You hit the goblin.
The goblin is severely wounded.
You block the goblin's attack.
You hit the goblin.
You kill the goblin!
Search for what [Enter for "ossu", or ? for help]? boom
Items here: ( ) [ †.
O - a boomerang
Things that are here:
a +0 club; a goblin corpse
r - 24 poisoned darts (gained 3)
l - 2 bubbling clear potions (gained 1)
An endoplasm comes into view.
Found an ancient bone altar of Kikubaaqudgha.
The endoplasm quivers.
The teleport trap disappears.
The endoplasm disappears!
There is a stone staircase leading down here.
You see here a +0 mace.
Done exploring.
Done exploring.
Search for what [Enter for "boom", or ? for help]? : Search for what [Enter for ":", or ? for help]? shop Unknown command.
Search for what [Enter for "shop", or ? for help]?
There is a stone staircase leading down here.
You climb downwards.
There is a stone staircase leading up here.
An orc comes into view. It is wielding a +0 short sword.
The orc moves out of view.
An orc comes into view. It is wielding a +0 mace.
Found a stone staircase leading down.
You hit the orc.
The orc is severely wounded.
You hit the orc. Lightning courses through the orc!
You kill the orc!
An orc comes into view. It is wielding a +0 whip.
Found a sling and 6 stones.
The orc shouts!
You see here a +0 short sword.
You barely miss the orc. You block the orc's attack.
You hit the orc. You tail-slap the orc.
You kill the orc!
You hit the orc but do no damage. The orc hits you with a +0 whip.
You hit the orc.
The orc is lightly wounded.
The orc hits you but does no damage.
You hit the orc but do no damage.
Your tail-slap misses the orc.
The orc is lightly wounded.
You closely miss the orc. You tail-slap the orc.
The orc is severely wounded.
The orc hits you but does no damage.
An orc is nearby!
You hit the orc.
The orc is almost dead.
The orc hits you with a +0 whip.
You hit the orc.
You kill the orc!
You now have 450 gold pieces (gained 15).
Found a stone staircase leading down.
You now have 465 gold pieces (gained 15).
You now have 476 gold pieces (gained 11).
p - 3 scrolls labelled UXUHUFA BEAV (gained 1)
An iguana comes into view.
The iguana hisses angrily.
The iguana hisses menacingly.
You hit the iguana but do no damage.
Your tail-slap misses the iguana.
You hit the iguana.
The iguana is moderately wounded.
You block the iguana's attack.
You hit the iguana but do no damage.
Your tail-slap misses the iguana.
The iguana is moderately wounded.
You block the iguana's attack.
You closely miss the iguana.
The iguana is moderately wounded.
The iguana bites you but does no damage.
You hit the iguana but do no damage.
The iguana is moderately wounded.
The iguana bites you.
You hit the iguana.
The iguana is moderately wounded.
You completely miss the iguana.
The iguana is moderately wounded.
The iguana bites you.
You hit the iguana. Lightning courses through the iguana!
You kill the iguana!
No target in view!
HP restored.
You see here an iguana corpse.
g - 3 scrolls labelled VYIKIF ATIWNA (gained 1)
You now have 491 gold pieces (gained 15).
Found a dagger.
d - 5 potions of might (gained 1)
Found a staircase to the Ecumenical Temple.
You pick up a book of Callings and begin reading...
You add the spells Summon Small Mammal, Call Canine Familiar and Summon Guardian Golem to your library.
There is a staircase to the Ecumenical Temple here.
You climb downwards.
Welcome to the Ecumenical Temple!
There is a staircase back to the Dungeon here.
There is a fountain of sparkling water here.
There is a fountain of sparkling water here.
There is a staircase back to the Dungeon here.
There is a fountain of sparkling water here.
Found a blossoming altar of Fedhas.
Found a burning altar of Makhleb and a glowing golden altar of the Shining One.
Found three altars.
Found three altars.
Found two altars.
Found an opulent altar of Gozag and a white marble altar of Elyvilon.
Found a shimmering altar of Xom.
Found a radiant altar of Vehumet.
Found a bloodstained altar of Trog.
Found a basalt altar of Yredelemnul.
There is an opulent altar of Gozag here.
There is a white marble altar of Elyvilon here.
There is a bloodstained altar of Trog here.
Key pressed, stopping explore.
Partly explored, can't reach some places.
Partly explored, can't reach some places.
Partly explored, can't reach some places.
Search for what [Enter for "shop", or ? for help]? zin
There is a burning altar of Makhleb here.
There is a glowing silver altar of Zin here.
You kneel at the altar of Zin.
Zin welcomes you!
You pay a tithe of 49 gold.
You can now recite Zin's Axioms of Law.
You can now call upon Zin for vitalisation.
You can now donate money to Zin.
You drop a +0 mace of draining.
There is a burning altar of Makhleb here.
There is a fountain of sparkling water here.
There is a staircase back to the Dungeon here.
You slurp down every last drop of the 6 viscous brown potions!
It was a potion of curing.
You feel better.
You slurp down every last drop of the 5 blue potions!
It was a potion of heal wounds.
You feel much better.
Okay, then.
Okay, then.
You climb upwards.
Welcome back to the Dungeon!
There is a staircase to the Ecumenical Temple here.
A scorpion comes into view.
Throw: 24 darts (poison)
Press: ? - help, Q - select action, (/) - cycle Shift-Dir - straight line, f - scorpion
Aim: a scorpion (57% to hit)
You throw a poisoned dart.
The poisoned dart closely misses the scorpion.
Throw: 23 darts (poison)
Press: ? - help, Q - select action, (/) - cycle Shift-Dir - straight line, f/p - scorpion
Aim: a scorpion (57% to hit)
You throw a poisoned dart. The poisoned dart hits the scorpion.
The scorpion is poisoned.
Throw: 22 darts (poison)
Press: ? - help, Q - select action, (/) - cycle Shift-Dir - straight line, f/p - scorpion
Aim: a scorpion (lightly wounded, poisoned, 57% to hit)
You throw a poisoned dart. The poisoned dart hits the scorpion.
The scorpion looks even sicker.
The scorpion is lightly wounded.
Throw: 21 darts (poison)
Press: ? - help, Q - select action, (/) - cycle Shift-Dir - straight line, f/p - scorpion
Aim: a scorpion (lightly wounded, very poisoned, 57% to hit)
You throw a poisoned dart.
The poisoned dart barely misses the scorpion.
Unknown command.
You hit the scorpion.
The scorpion is moderately wounded.
The scorpion stings you.
You whack the scorpion!
Your tail-slap misses the scorpion.
The scorpion is severely wounded.
The scorpion stings you but does no damage.
You hit the scorpion but do no damage.
The scorpion is severely wounded.
The scorpion stings you.
You are poisoned.
The scorpion poisons you!
You barely miss the scorpion.
Your tail-slap misses the scorpion.
The scorpion is almost dead.
You feel sick.
You kill the scorpion!
You feel sick.
You feel sick.
You feel sick.
You feel sick.
You feel sick.
You feel sick.
You feel sick.
You are no longer poisoned.
HP restored.
r - 21 poisoned darts (gained 1)
r - 22 poisoned darts (gained 1)
r - 23 poisoned darts (gained 1)
r - 24 poisoned darts (gained 1)
You pay a tithe of 1 gold.
You now have 452 gold pieces (gained 10).
Found a stone staircase leading down.
An adder comes into view.
The adder hisses angrily.
You hear a shout!
An orc comes into view. It is wielding a +0 club.
Throw: 24 darts (poison)
Press: ? - help, Q - select action, (/) - cycle Shift-Dir - straight line, f - adder
Aim: an adder (38% to hit)
You throw a poisoned dart. The poisoned dart hits the adder.
The adder is poisoned.
You barely miss the adder. The adder bites you but does no damage.
You hit the adder. Lightning courses through the adder!
You kill the adder!
You roll towards the orc!
You hit the orc. You tail-slap the orc.
You kill the orc!
No target in view!
r - 24 poisoned darts (gained 1)
Things that are here:
a +0 club; a +0 ring mail; an orc corpse A hound comes into view.
A jackal comes into view.
The jackal barks!
The hound barks!
You hear a shout!
You swing at nothing.
An ogre comes into view. It is wielding a +0 giant club.
You swing at nothing.
A jackal comes into view.
You swing at nothing.
You block the hound's attack.
You hit the hound.
Your tail-slap misses the hound.
The hound is lightly wounded.
You block the hound's attack.
You hit the hound.
The hound is moderately wounded.
The hound bites you.
You closely miss the hound.
You tail-slap the hound, but do no damage.
The hound is moderately wounded.
The hound bites you.
You hit the hound but do no damage. Lightning courses through the hound!
You kill the hound!
You hit the jackal but do no damage.
The jackal bites you but does no damage.
You miss the jackal.
The jackal bites you but does no damage.
You hit the jackal but do no damage. You block the jackal's attack.
You closely miss the jackal. You tail-slap the jackal.
You kill the jackal!
You hit the jackal but do no damage.
Your tail-slap misses the jackal.
The jackal closely misses you.
You closely miss the jackal. The jackal barely misses you.
The jackal bites you but does no damage.
You hit the jackal but do no damage.
Your tail-slap misses the jackal.
The jackal bites you but does no damage.
You hit the jackal. Lightning courses through the jackal!
You kill the jackal!
Throw: dart (curare)
Press: ? - help, Q - select action, (/) - cycle Shift-Dir - straight line, f - ogre
Aim: an ogre, wielding a +0 giant club (73% to hit)
You throw a curare-tipped dart.
The curare-tipped dart barely misses the ogre.
The ogre hits you with a +0 giant club!!
You barely miss the ogre. You tail-slap the ogre!
The ogre is heavily wounded.
You whack the ogre!
The ogre is severely wounded.
The ogre hits you with a +0 giant club!!
* * * LOW HITPOINT WARNING * * *
You hit the ogre.
Your tail-slap misses the ogre.
The ogre is severely wounded.
You whack the ogre!
The ogre is almost dead.
The ogre hits you with a +0 giant club!
You die...

Skill      XL: |  1  2  3  4  5  6  7 |
---------------+----------------------+-----
Maces & Flails | 2 3 4 5 6 |  6.6
Fighting       | 3 4 5 |  5.3
Armour         | 4 |  4.0
Shields        | 4 |  4.0
Dodging        | |  0.7

Action                   |  1- 3 |  4- 6 |  7- 9 || total
-------------------------+-------+-------+-------++-------
Melee: Flail             |    95 |    36 |       ||   131
       Tailslap          |     9 |    29 |    27 ||    65
       Whip              |       |   235 |   182 ||   417
Throw: Dart              |       |       |     8 ||     8
  Use: Potion            |       |       |     2 ||     2
Armor: Scale mail        |    37 |       |       ||    37
       Ring mail         |     6 |   110 |    56 ||   172
Dodge: Dodged            |    23 |    62 |    41 ||   126
Block: Buckler           |    12 |    51 |    24 ||    87

Levels and vault maps discovered:
D:1:      onia_arrival_zoo_common, layout_basic,
          nicolae_concentric_dashed_squares_wild
D:2:      layout_loops_ring, shapermc_ecumenical_altar_flowoftime,
          minmay_rat_hole, uniq_jessica, uniq_terence
D:3:      layout_basic, gup_sewer_entry_pipe
D:4:      layout_gridville, lemuel_tele_altar,
          lightli_ossuary_entry_decrepit_ruins, serial_shops, shop,
          kennysheep_generic_room_13
D:5:      layout_basic, minmay_temple_entry_arrows, minmay_diced_spiral
Temple:   minmay_temple_bridge_d

Notes
Turn   | Place    | Note
-------+----------+-------------------------------------------
     0 | D:1      | scionoferis the Armataur Fighter began the quest for the
                  | Orb.
     0 | D:1      | Reached XP level 1. HP: 19/19 MP: 1/1
     6 | D:1      | Noticed a killer bee
     6 | D:1      | Noticed a komodo dragon
     7 | D:1      | Noticed a water moccasin
     7 | D:1      | Noticed a swamp drake
    83 | D:1      | Reached skill level 2 in Maces & Flails
    97 | D:1      | Reached XP level 2. HP: 26/26 MP: 2/2
   786 | D:1      | Reached XP level 3. HP: 28/32 MP: 3/3
   812 | D:1      | Reached skill level 3 in Fighting
   812 | D:1      | Reached skill level 4 in Armour
   977 | D:2      | Noticed Terence
   988 | D:2      | Killed Terence
  1067 | D:2      | Found a faded altar of an unknown god.
  1409 | D:2      | Reached XP level 4. HP: 40/40 MP: 4/4
  1442 | D:2      | Reached skill level 3 in Maces & Flails
  1479 | D:2      | Reached skill level 4 in Shields
  1518 | D:2      | Noticed Jessica
  1528 | D:2      | Killed Jessica
  1529 | D:2      | Reached XP level 5. HP: 48/48 MP: 5/5
  1808 | D:3      | Found a glowing drain.
  1831 | Sewer    | Entered a sewer
  1897 | Sewer    | Reached skill level 4 in Maces & Flails
  1958 | Sewer    | Reached XP level 6. HP: 55/55 MP: 6/6
  2031 | Sewer    | Reached skill level 4 in Fighting
  2171 | Sewer    | Reached skill level 5 in Maces & Flails
  2860 | D:3      | Reached XP level 7. HP: 64/64 MP: 7/7
  3330 | D:4      | Found Magim's Jewellery Boutique.
  3366 | D:4      | Found a sand-covered staircase.
  3393 | Ossuary  | Entered an ossuary
  3481 | Ossuary  | Reached skill level 6 in Maces & Flails
  3866 | D:4      | Reached skill level 5 in Fighting
  4205 | D:4      | Found an ancient bone altar of Kikubaaqudgha.
  4310 | D:5      | Entered Level 5 of the Dungeon
  4403 | D:5      | Found a staircase to the Ecumenical Temple.
  4415 | Temple   | Entered the Ecumenical Temple
  4714 | Temple   | Became a worshipper of Zin the Law-Giver
  4714 | Temple   | Reached * piety under Zin
  4714 | Temple   | Reached ** piety under Zin
  4878 | D:5      | Slain by an ogre

Vanquished Creatures
  3 kobold brigands (Sewer)
  A necrophage (D:4)
  2 scorpions (D:4 D:5)
  2 orc priests (D:3 D:4)
  A hound (D:5)
  An iguana (D:5)
  Jessica (D:2)
  Terence (D:2)
  8 mummies (Ossuary)
  4 gnolls (D:2)
  5 adders (D:2 D:3 D:4 D:5)
  5 river rats (Sewer)
  A worm (D:2)
  19 orcs (D:3 D:4 D:5)
  6 endoplasms (D:1 D:3 D:4)
  11 giant cockroaches (D:1 D:2 D:3)
  12 hobgoblins (D:1 D:2 D:3)
  9 jackals (D:1 D:4 D:5)
  20 kobolds (D:1 D:2 Sewer D:3 D:4)
  5 quokkas (D:1 D:2 D:3)
  11 ball pythons (D:1 Sewer D:4)
  4 bats (D:1 D:2 D:3)
  A frilled lizard (D:1)
  A gnoll zombie (Ossuary)
  4 goblins (D:3 D:4)
  3 hobgoblin zombies (Ossuary)
  4 orc zombies (Ossuary)
  41 rats (D:1 D:2 Sewer D:3)
186 creatures vanquished.

Vanquished Creatures (others)
  2 plants (D:2)
  2 withered plants (D:2)
4 creatures vanquished.

Grand Total: 190 creatures vanquished

Table legend: (Time is in decaauts)
 A = Elapsed time spent in this place.
 B = Non-inter-level travel time spent in this place.
 C = Inter-level travel time spent in this place.
 D = Time resting spent in this place.
 E = Time spent auto-exploring this place.
 F = Levels seen in this place.
 G = Mean time per level.
                   A        B        C        D        E       F      G
               +--------+--------+--------+--------+--------+-----+--------+
         Total |   4869 |   4619 |    250 |     37 |   3151 |   8 |  608.6 |
       Dungeon |   3533 |   3428 |    105 |     18 |   2449 |   5 |  706.6 |
        Temple |    373 |    228 |    145 |      0 |    213 |   1 |  373.0 |
         Sewer |    647 |    647 |      0 |      0 |    341 |   1 |  647.0 |
       Ossuary |    314 |    314 |      0 |     19 |    148 |   1 |  314.0 |
               +--------+--------+--------+--------+--------+-----+--------+

Top non-repeatable levels by time:
     D:1: 999 daAuts
     D:3: 829 daAuts
     D:2: 824 daAuts
     D:4: 694 daAuts
   Sewer: 647 daAuts
  Temple: 373 daAuts
 Ossuary: 314 daAuts
     D:5: 186 daAuts

Table legend:
 A = Non-vault XP
 B = Vault XP
 C = Vault XP percentage of total XP
 D = Non-vault monster count
 E = Vault monster count
 F = Vault count percentage of total count
                 A         B        C        D         E       F
            +---------+---------+-------+---------+---------+-------
      Total |     700 |     670 |  48.9 |      96 |      90 |  48.4
            +---------+---------+-------+---------+---------+-------
        D:1 |      44 |       0 |   0.0 |      25 |       0 |   0.0
        D:2 |      91 |      89 |  49.4 |      15 |      21 |  58.3
        D:3 |     119 |      12 |   9.2 |      27 |       6 |  18.2
        D:4 |     254 |      13 |   4.9 |      20 |       1 |   4.8
        D:5 |     192 |       3 |   1.5 |       9 |       1 |  10.0
      Sewer |       0 |     398 | 100.0 |       0 |      45 | 100.0
    Ossuary |       0 |     155 | 100.0 |       0 |      16 | 100.0
            +---------+---------+-------+---------+---------+-------
